 Dungeon Crawl Stone Soup version 0.28.0 (webtiles) character file.

Game seed: 4496746503291253037

29 Hasart the Skirmisher (level 2, -18/25 HPs)
             Began as a Demigod Fighter on Feb 11, 2022.
             Demolished by a kobold (20 damage)
             ... on level 2 of the Dungeon.
             The game lasted 00:02:49 (1192 turns).

Hasart the Skirmisher (Demigod Fighter)             Turns: 1192, Time: 00:02:49

Health: -18/25     AC:  6    Str: 17    XL:     2   Next: 81%
Magic:  4/4        EV:  9    Int: 10    God:
Gold:   65         SH:  4    Dex: 13    Spells: 1/1 levels left

rFire   . . .      SeeInvis .   a - +0 long sword
rCold   . . .      Faith    .   c - +0 buckler
rNeg    . . .      Spirit   .   b - +0 scale mail
rPois   .          Reflect  .   (no helmet)
rElec   .          Harm     .   (no cloak)
rCorr   .          Rampage  .   (no gloves)
Will    .....                   (no boots)
Stlth   ..........              (no amulet)
HPRegen 0.08/turn               (no ring)
MPRegen 0.09/turn               (no ring)

@: no status effects
A: high MP 1, forlorn, divine attributes
a: no special abilities


You were on level 2 of the Dungeon.
You visited 1 branch of the dungeon, and saw 2 of its levels.

You collected 65 gold pieces.

Inventory:

Hand Weapons
 a - a +0 long sword (weapon)
Missiles
 e - 4 poisoned darts (quivered)
Armour
 b - a +0 scale mail (worn)
 c - a +0 buckler (worn)
Scrolls
 f - a scroll of fear {unknown}
 g - a scroll of summoning {unknown}
Potions
 d - a potion of might


   Skills:
 + Level 2.9 Fighting
 * Level 2.3 Long Blades
 + Level 2.8 Armour
 + Level 0.7 Dodging
 + Level 2.9 Shields


You had one spell level left.
You didn't know any spells.
Your spell library was empty.

Dungeon Overview and Level Annotations

Branches:
Dungeon (2/15)


Innate Abilities, Weirdness & Mutations

You have an increased reservoir of magic. (+10% MP)
You shall have no god before yourself.
Your divine heritage dramatically boosts your attributes as you level up.


Message History

There is an open door here.
You slash the adder!
You kill the adder!
You open the door.
There is an open door here.
You open the door.
A kobold and a worm come into view.
The kobold is wielding a +1 dagger of electrocution.
There are monsters nearby!
There are monsters nearby!
The kobold hits you with a +1 dagger of electrocution.
There is an open door here.
The kobold throws a stone.
You block the stone. The kobold hits you but does no damage.
You closely miss the kobold. The kobold barely misses you.
You completely miss the kobold. The kobold hits you but does no damage.
You are electrocuted!!
Ouch! That really hurt!
* * * LOW HITPOINT WARNING * * *
You are too injured to fight recklessly!
You are too injured to fight recklessly!
You are too injured to fight recklessly!
You are too injured to fight recklessly!
You are too injured to fight recklessly!
You are too injured to fight recklessly!
You are too injured to fight recklessly!
You are too injured to fight recklessly!
You are too injured to fight recklessly!
You are too injured to fight recklessly!
You are too injured to fight recklessly!
You are too injured to fight recklessly!
You are too injured to fight recklessly!
You are too injured to fight recklessly!
You are too injured to fight recklessly!
You closely miss the kobold.
The kobold hits you with a +1 dagger of electrocution.
* * * LOW HITPOINT WARNING * * *
The kobold hits you but does no damage.
You are electrocuted!!
Ouch! That really hurt!
You die...

...............
####...##############
...'...'.............
####...#####....##..
# #...# #....## #
#...# ####..# # #...#
##.# #...# #.# #...#
#@# ....# #K# #.w...#
.......# .........#
...........#
.........###
.........# ..........


You could see a worm and a kobold.

Vanquished Creatures
  An adder (D:2)
  2 endoplasms (D:1)
  2 giant cockroaches (D:1)
  3 hobgoblins (D:1)
  A quokka (D:1)
  2 ball pythons (D:1)
  2 bats (D:1)
  6 kobolds (D:1)
  2 rats (D:1)
21 creatures vanquished.

Vanquished Creatures (others)
  A plant (D:1)
1 creature vanquished.

Grand Total: 22 creatures vanquished

Notes
Turn   | Place    | Note
-------+----------+-------------------------------------------
     0 | D:1      | Hasart the Demigod Fighter began the quest for the Orb.
     0 | D:1      | Reached XP level 1. HP: 18/18 MP: 3/3
   641 | D:1      | Reached XP level 2. HP: 25/25 MP: 4/4
  1192 | D:2      | Demolished by a kobold

Illustrated notes

Levels and vault maps discovered:
D:1:      evilmike_arrival_plus, layout_rooms,
          dilly_ecumenical_altar_fadedgnrine
D:2:      minmay_inner_zag, layout_basic

Skill      XL: |  1 |
---------------+----+-----
Long Blades    | 2 |  2.3
Fighting       | |  2.9
Armour         | |  2.8
Dodging        | |  0.7
Shields        | |  2.9

Action                   || total
-------------------------++-------
Melee: Long sword        ||    73
Armor: Scale mail        ||    33
Dodge: Dodged            ||    31
Block: Buckler           ||    18
